 Dungeon Crawl Stone Soup version 0.24-a0-445-gd5110b030a (webtiles) character file.

Game seed: 15699483901228200605

72 Azzok the Skirmisher (level 4, -6/42 HPs)
             Began as a Centaur Berserker on June 22, 2019.
             Was a Believer of Trog.
             Splashed by a jelly's acid (9 damage)
             ... on level 3 of the Dungeon.
             The game lasted 00:02:10 (1817 turns).

Azzok the Skirmisher (Centaur Berserker)            Turns: 1817, Time: 00:02:10

Health: -6/42      AC: -2    Str: 21    XL:     4   Next: 6%
Magic:  4/4        EV:  9    Int:  6    God:    Trog [**....]
Gold:   122        SH:  0    Dex:  8    Spells: 3/3 levels left

rFire    . . .     SeeInvis .   j - +0 whip (venom)
rCold    . . .     Gourm    .   (no shield)
rNeg     . . .     Faith    .   d - +0 ring mail
rPois    .         Spirit   .   (no helmet)
rElec    .         Reflect  .   (no cloak)
rCorr    .         Harm     .   (no gloves)
MR       .....                  (no barding)
Stlth    ..........             (no amulet)
HPRegen  0.14/turn              (no ring)
MPRegen  0.09/turn              (no ring)

@: corroded, very quick
A: large, hooves 3, deformed body, speed 2, tough skin 3
a: Berserk, Trog's Hand, Renounce Religion


You were on level 3 of the Dungeon.
You worshipped Trog.
Trog was pleased with you.
You were not hungry.

You visited 1 branch of the dungeon, and saw 3 of its levels.

You collected 122 gold pieces.

Inventory:

Hand Weapons
 a - a +0 falchion
 j - a +0 whip of venom (weapon)
Armour
 d - a +0 ring mail (worn)
Scrolls
 e - a scroll of teleportation {unknown}
 f - a scroll of fear {unknown}
 h - a scroll of magic mapping {unknown}
 i - a scroll of blinking {unknown}
 k - 2 scrolls of identify {unknown}
 l - a scroll of remove curse {unknown}
Potions
 g - 2 potions of agility {unknown}
Comestibles
 c - 4 rations


   Skills:
 + Level 5.0 Fighting
 - Level 2.6 Long Blades
 - Level 1.3 Armour
 - Level 1.3 Dodging


You had 3 spell levels left.
You didn't know any spells.
Your spell library was empty.

Dungeon Overview and Level Annotations

Branches:
Dungeon (3/15)

Altars:


Innate Abilities, Weirdness & Mutations

You have hooves in place of feet.
Armour fits poorly on your strangely shaped body.
You cover ground very quickly.
You have extremely tough skin. (AC +3)


Message History

Key pressed, stopping explore.
A jelly comes into view.
The jelly quivers.
A jelly is nearby!
A giant cockroach comes into view.
The jelly hits you.
You are splashed with acid!
You hit the jelly. The acid corrodes you!
Your hands burn!
The jelly is lightly wounded.
The jelly hits you.
You are splashed with acid.
You hit the jelly.
Your hands burn!
You kick the jelly.
The jelly is heavily wounded.
The jelly hits you. The acid corrodes you!
You are splashed with acid!
* * * LOW HITPOINT WARNING * * *
You hit the jelly but do no damage.
The jelly is poisoned.
Your hands burn!
* * * LOW HITPOINT WARNING * * *
The jelly is heavily wounded.
The jelly hits you.
* * * LOW HITPOINT WARNING * * *
The acid corrodes you!
You are splashed with acid!
You die...

··· ··· · ···· ·· ··· ▒·▒·····▒
▒·▒ ▒▒·▒···▒·▒ ··· ·········▒ ▒s▒
▒····▒···▒ ▒J▒ ▒········▒ ▒@▒
▒········▒ ▒·▒ ▒···▒▒▒··▒▒▒·
▒·▒▒▒▒···▒········
▒·▒········▒▒·▒▒▒· ▒▒▒▒▒▒
▒·▒·▒▒·····▒▒··▒▒· ·····▒
▒·▒·▒▒·····▒▒▒····
·▒▒▒·▒▒▒▒▒▒▒▒▒▒▒·▒·▒▒·····▒ ▒····
···▒···((········▒·····▒··▒▒▒····
▒▒·▒▒▒▒▒▒▒▒▒▒▒▒······▒·▒··▒······


You could see a jelly and a giant cockroach.

Vanquished Creatures
  6 dart slugs
  A giant cockroach (D:1)
  8 goblins
  10 hobgoblins
  3 jackals (D:1)
  A quokka (D:2)
  10 bats
  7 frilled lizards
  5 kobolds
  6 rats
57 creatures vanquished.

Notes
Turn   | Place    | Note
-------+----------+-------------------------------------------
     0 | D:1      | Azzok the Centaur Berserker began the quest for the Orb.
     0 | D:1      | Reached XP level 1. HP: 19/19 MP: 1/1
    64 | D:1      | Reached XP level 2. HP: 12/26 MP: 2/2
   461 | D:1      | Reached skill level 4 in Fighting
   524 | D:1      | Reached XP level 3. HP: 24/33 MP: 3/3
   698 | D:1      | Reached ** piety under Trog
  1687 | D:3      | Reached XP level 4. HP: 39/41 MP: 4/4
  1753 | D:3      | Reached skill level 5 in Fighting
  1817 | D:3      | Splashed by a jelly's acid

Levels and vault maps discovered:
D:1:      nagdon_arrival_zigzag_paths, layout_basic, minmay_misc_feat_x,
          minmay_misc_feat_roman
D:2:      layout_loops_ring
D:3:      layout_basic

Skill      XL: |  1  2  3  4 |
---------------+-------------+-----
Fighting       | 4 5 |  5.0
Long Blades    | |  2.6
Armour         | |  1.3
Dodging        | |  1.3

Action                   |  1- 3 |  4- 6 || total
-------------------------+-------+-------++-------
Melee: Falchion          |    74 |       ||    74
       Kick              |    20 |     3 ||    23
       Whip              |    39 |    16 ||    55
  Eat: Chunk             |     2 |       ||     2
Armor: Animal skin       |     8 |       ||     8
       Ring mail         |    62 |     6 ||    68
Dodge: Dodged            |    48 |     3 ||    51
       Rpst.: Falchion   |     9 |       ||     9

Table legend:
 A = Non-vault XP
 B = Vault XP
 C = Vault XP percentage of total XP
 D = Non-vault monster count
 E = Vault monster count
 F = Vault count percentage of total count
                 A         B        C        D         E       F
            +---------+---------+-------+---------+---------+-------
      Total |     103 |       0 |   0.0 |      57 |       0 |   0.0
            +---------+---------+-------+---------+---------+-------
        D:1 |      69 |       0 |   0.0 |      34 |       0 |   0.0
        D:2 |      27 |       0 |   0.0 |      17 |       0 |   0.0
        D:3 |       7 |       0 |   0.0 |       6 |       0 |   0.0
            +---------+---------+-------+---------+---------+-------
